 Dungeon Crawl Stone Soup version 0.26-a0-20-g5f92b90fa0 (webtiles) character file.

Game seed: 718812784141726882, levelgen mode: deterministic

709882 gruber the Luminary of Lethal Lore (level 27, -23/220 HPs)
             Began as a Gnoll Ice Elementalist on May 25, 2020.
             Was the Champion of Vehumet.
             Killed from afar by a hellephant (73 damage)
             ... with a blast of flame
             ... on level 1 of the Abyss on May 26, 2020.
             The game lasted 03:45:26 (105485 turns).

gruber the Luminary of Lethal Lore (GnIE)         Turns: 105485, Time: 03:45:26

Health: -23/220    AC: 23    Str:  6    XL:     27
Magic:  4/37       EV: 20    Int: 32    God:    Vehumet [******]
Gold:   5157       SH: 21    Dex: 20    Spells: 11/64 levels left

rFire    . . .     SeeInvis +   g - +9 staff of Olgreb {rPois∞}
rCold    + . .     Gourm    .   Y - +2 tower shield
rNeg     + + .     Faith    .   t - +5 ring mail of Anarchy {rN++ rCorr Int+2}
rPois    ∞         Spirit   .   n - +1 hat "Onyahyis" {rPois MR++ Str-2 SInv}
rElec    .         Reflect  .   P - +1 cloak
rCorr    +         Harm     .   X - +2 pair of gloves {Dex+3}
MR       +++++     Rnd*Rage +   Z - +0 pair of boots {Stlth+}
Stlth    +++++++++.             H - amulet of Amelioration {Acrobat rF+}
HPRegen  0.46/turn              k - +6 ring of intelligence
MPRegen  0.25/turn              v - ring "Jionkoop" {+Inv rF- rC+ MR+++ Stlth+}

@: no potions, berserk cooldown, slowed, studying Air Magic, very slow
A: distributed training, fangs 1, berserk 1, deterioration 1, [dopey 2], [low mp
2], [weak 2], [subdued magic 1], strong nose
}: 3/15 runes: barnacled, silver, gossamer
a: Renounce Religion, Evoke Invisibility


You were on level 1 of the Abyss.
You worshipped Vehumet.
Vehumet was exalted by your worship.
You were not hungry.

You visited 11 branches of the dungeon, and saw 49 of its levels.
You visited the Abyss 3 times.
You also visited: Ossuary, Bailey, Ice Cave and Volcano.

You collected 7755 gold pieces.
You spent 2598 gold pieces at shops.

Inventory:

Hand Weapons
 g - the +9 staff of Olgreb (weapon) {rPois∞}
   (You acquired it on level 4 of the Shoals)

   It grants immunity to poison.
 w - the +10 hunting sling of the Wasp {freeze, rF+ rN+ Dex+5}
   (You found it on level 2 of the Crypt)

   It causes projectiles fired from it to freeze those they strike, causing
   extra injury to most foes and up to half again as much damage against
   particularly susceptible opponents.
   They can also slow down cold-blooded creatures.
   It affects your dexterity (+5).
   It protects you from fire.
   It protects you from negative energy.
 W - the +4 war axe of Byink {venom, rF+ Int+4}
   (You found it on level 5 of the Vaults)

   It poisons the flesh of those it strikes.
   It affects your intelligence (+4).
   It protects you from fire.
Missiles
 a - 13 throwing nets (quivered)
 m - 1304 stones
 T - 654 sling bullets
Armour
 n - the +1 hat "Onyahyis" (worn) {rPois MR++ Str-2 SInv}
   (You found it on level 15 of the Dungeon)

   It affects your strength (-2).
   It protects you from poison.
   It affects your resistance to hostile enchantments.
   It lets you see invisible.
 t - the +5 ring mail of Anarchy (worn) {rN++ rCorr Int+2}
   (You bought it in a shop on level 6 of the Dungeon)

   It affects your intelligence (+2).
   It greatly protects you from negative energy.
   It provides partial protection from all sources of acid and corrosion.
 K - the +0 hat "Haanep" {rPois rC+++ Dex-5 Stlth-}
   (You found it on level 13 of the Dungeon)

   It affects your dexterity (-5).
   It renders you almost immune to cold.
   It protects you from poison.
   It makes you less stealthy.
 P - a +1 cloak (worn)
 X - a +2 pair of gloves of dexterity (worn)
 Y - a +2 tower shield (worn)
 Z - a +0 pair of boots of stealth (worn)
Jewellery
 h - a +6 ring of intelligence
 k - a +6 ring of intelligence (left hand)
 v - the ring "Jionkoop" (right hand) {+Inv rF- rC+ MR+++ Stlth+}
   (You found it on level 4 of the Vaults)

   [ring of protection from cold]

   It makes you vulnerable to fire.
   It protects you from cold.
   It affects your resistance to hostile enchantments.
   It lets you turn invisible.
   It makes you more stealthy.
 F - the ring of Atirrure {Fire Slay+3}
   (You found it on level 2 of the Abyss)

   [ring of fire]

   It enhances your fire magic.
   It affects your accuracy and damage with ranged weapons and melee attacks
   (+3).
   It protects you from fire.
   It makes you vulnerable to cold.
 H - the amulet of Amelioration (around neck) {Acrobat rF+}
   (You found it on level 12 of the Dungeon)

   [amulet of the acrobat]

   It helps you evade while moving and waiting.
   It protects you from fire.
 L - an uncursed ring of protection from fire
 S - the amulet of the Endless Expanse {Acrobat Int+6}
   (You acquired it on level 4 of the Shoals)

   [amulet of the acrobat]

   It helps you evade while moving and waiting.
   It affects your intelligence (+6).
 U - an uncursed ring of flight
Wands
 b - a wand of acid (13)
 p - a wand of iceblast (48)
 q - a wand of polymorph (10)
 y - a wand of digging (14)
 D - a wand of paralysis (42)
 G - a wand of clouds (6)
 N - a wand of disintegration (28)
Scrolls
 d - 8 scrolls of amnesia
 e - 6 scrolls of magic mapping
 f - 7 scrolls of fear
 j - 25 scrolls of remove curse
 u - 19 scrolls of teleportation
 x - 2 scrolls of enchant weapon
 z - 3 scrolls of silence
 I - 7 scrolls of blinking
 J - 9 scrolls of fog
 Q - 10 scrolls of identify
Potions
 i - 24 potions of curing
 l - 19 potions of heal wounds
 o - 11 potions of ambrosia
 r - 2 potions of magic
 s - 18 potions of haste
 A - 8 potions of might
 B - 14 potions of stabbing
 C - a potion of berserk rage
 E - 16 potions of brilliance
 M - 2 potions of resistance
 O - 11 potions of flight
 V - a potion of mutation
Books
 R - a manual of Air Magic
Comestibles
 c - 45 rations


   Skills:
 + Level 18.9 Fighting
 + Level 18.9 Short Blades
 + Level 18.9 Long Blades
 + Level 18.9 Axes
 + Level 18.9 Maces & Flails
 + Level 18.9 Polearms
 + Level 18.9 Staves
 + Level 18.9 Slings
 + Level 18.9 Bows
 + Level 18.9 Crossbows
 + Level 18.9 Throwing
 + Level 18.9 Armour
 + Level 19.3 Dodging
 + Level 19.2 Stealth
 + Level 18.9 Shields
 + Level 18.9 Unarmed Combat
 + Level 19.3 Spellcasting
 + Level 16.3 Conjurations
 + Level 16.3 Hexes
 + Level 16.3 Charms
 + Level 16.3 Summonings
 + Level 16.3 Necromancy
 + Level 16.3 Translocations
 + Level 16.3 Transmutations
 + Level 16.3 Fire Magic
 + Level 17.4 Ice Magic
 + Level 18.3 Air Magic
 + Level 16.3 Earth Magic
 + Level 16.3 Poison Magic
 + Level 20.3 Invocations
 + Level 18.9 Evocations


You had 11 spell levels left.
You knew the following spells:

 Your Spells              Type           Power        Failure   Level  Hunger
b - Frozen Ramparts       Ice            ######       0%          3    None
d - Summon Ice Beast      Ice/Summ       #######.     1%          4    None
f - Airstrike             Air            #######...   0%          4    None
g - Bolt of Magma         Conj/Fire/Erth #######...   1%          5    None
h - Freezing Cloud        Conj/Ice/Air   #######...   1%          6    None
i - Ozocubu's Refrigerat  Ice            #######...   1%          6    None
j - Absolute Zero         Ice            #######...   69%         9    ######.
k - Blink                 Tloc           N/A          0%          2    None
l - Iron Shot             Conj/Erth      #######...   1%          6    None
m - Necromutation         Tmut/Necr      #######...   38%         8    #####..

Your spell library contained the following spells:

 Spells                   Type           Power        Failure   Level  Hunger
 Tornado                  Air            #######...   56%         9    ######.
 Shatter                  Erth           #######...   82%         9    ######.
 Animate Skeleton         Necr           N/A          0%          1    None
 Apportation              Tloc           ######       0%          1    None
 Corona                   Hex            #######      0%          1    None
 Foxfire                  Conj/Fire      ####         0%          1    None
 Freeze                   Ice            ####         0%          1    None
 Infusion                 Chrm           ####         0%          1    None
 Magic Dart               Conj           ####         0%          1    None
 Pain                     Necr           ####         0%          1    None
 Shock                    Conj/Air       ####         0%          1    None
 Summon Butterflies       Summ           #######.     0%          1    None
 Summon Small Mammal      Summ           ####         0%          1    None
 Call Imp                 Summ           #######.     0%          2    None
 Ensorcelled Hibernation  Hex/Ice        ######       0%          2    None
 Searing Ray              Conj           ######       0%          2    None
 Shroud of Golubria       Chrm/Tloc      ######       0%          2    None
 Slow                     Hex            #######.     0%          2    None
 Song of Slaying          Chrm           #######.     0%          2    None
 Sublimation of Blood     Necr           #######...   0%          2    None
 Swiftness                Chrm/Air       #######.     0%          2    None
 Confusing Touch          Hex            #######.     0%          3    None
 Conjure Flame            Conj/Fire      #######.     0%          3    None
 Dazzling Flash           Conj/Hex       ######       0%          3    None
 Gell's Gravitas          Tloc           #######...   0%          3    None
 Ignite Poison            Fire/Tmut/Pois ########     0%          3    None
 Inner Flame              Hex/Fire       #######.     0%          3    None
 Lesser Beckoning         Tloc           #######...   0%          3    None
 Mephitic Cloud           Conj/Pois/Air  ########     0%          3    None
 Ozocubu's Armour         Chrm/Ice       #######.     0%          3    None
 Recall                   Summ/Tloc      N/A          0%          3    None
 Spectral Weapon          Hex/Chrm       #######.     0%          3    None
 Static Discharge         Conj/Air       #######.     0%          3    None
 Tukima's Dance           Hex            #######.     0%          3    None
 Vampiric Draining        Necr           #######...   0%          3    None
 Animate Dead             Necr           N/A          1%          4    None
 Cause Fear               Hex            #######...   1%          4    None
 Fulminant Prism          Conj/Hex       #######...   1%          4    None
 Hailstorm                Conj/Ice       #######.     1%          4    None
 Ice Form                 Ice/Tmut       #######.     1%          4    None
 Iskenderun's Mystic Bla  Conj/Tloc      #######.     1%          4    None
 Petrify                  Tmut/Erth      #######.     1%          4    None
 Sticky Flame             Conj/Fire      #######.     1%          4    None
 Summon Lightning Spire   Summ/Air       #######.     1%          4    None
 Agony                    Necr           #######.     1%          5    None
 Alistair's Intoxication  Tmut/Pois      ########     1%          5    None
 Fireball                 Conj/Fire      #######...   1%          5    None
 Irradiate                Conj/Tmut      #######...   1%          5    None
 Iskenderun's Battlesphe  Conj/Chrm      #######.     1%          5    None
 Lightning Bolt           Conj/Air       #######...   1%          5    None
 Metabolic Englaciation   Hex/Ice        #######...   1%          5    None
 Silence                  Hex/Air        #######...   1%          5    None
 Summon Demon             Summ           #######...   1%          5    None
 Yara's Violent Unravell  Hex/Tmut       #######...   1%          5    None
 Conjure Ball Lightning   Conj/Air       #######...   1%          6    None
 Eringya's Noxious Bog    Tmut/Pois      ########..   1%          6    None
 Hydra Form               Tmut           #######...   1%          6    None
 Invisibility             Hex            #######.     1%          6    None
 Simulacrum               Ice/Necr       #######...   1%          6    None
 Statue Form              Tmut/Erth      #######..    1%          6    None
 Orb of Destruction       Conj           #######...   1%          7    ###....
 Spellforged Servitor     Conj/Summ      #######...   1%          7    ###....
 Dragon Form              Tmut           #######...   4%          7    ###....
 Haunt                    Necr/Summ      #######...   4%          7    ###....
 Malign Gateway           Summ/Tloc      #######...   4%          7    ###....
 Monstrous Menagerie      Summ           #######...   4%          7    ###....
 Summon Greater Demon     Summ           #######...   4%          7    ###....
 Summon Hydra             Summ           #######...   4%          7    ###....
 Borgnjor's Revivificati  Necr           #######...   38%         8    #####..
 Death's Door             Chrm/Necr      #######...   38%         8    #####..
 Discord                  Hex            #######...   38%         8    #####..
 Infestation              Necr           #######...   38%         8    #####..
 Summon Horrible Things   Summ           #######...   38%         8    #####..
 Dragon's Call            Summ           #######...   100%        9    ######.


Dungeon Overview and Level Annotations

Branches:
Dungeon (15/15)            Temple (1/1) D:4            Lair (6/6) D:11
 Shoals (4/4) Lair:3       Spider (4/4) Lair:4        Slime (0/5) Lair:5
    Orc (2/2) D:9             Elf (3/3) Orc:2        Vaults (5/5) D:13
  Crypt (3/3) Vaults:3       Tomb (0/3) Crypt:3      Depths (5/5) D:15
   Hell (visited)             Dis (0/7) Hell            Geh (0/7) Hell
    Coc (0/7) Hell            Tar (0/7) Hell            Zot (0/5) Depths:5
Ossuary (visited)          Bailey (visited)           IceCv (visited)
Volcano (visited)

Altars:
Ashenzari
Cheibriados
Dithmenos
Elyvilon
Fedhas
Gozag
Hepliaklqana
Kikubaaqudgha
Makhleb
Nemelex Xobeh
Okawaru
Qazlal
Ru
Sif Muna
Trog
Uskayaw
Vehumet
Wu Jian
Xom
Yredelemnul
Zin
The Shining One
Beogh
Jiyva

Shops:
D:5 *   D:6 [[   D:7 :   D:8 =   D:12 *   D:13 %   D:14 }(   D:15 *
Orc:2 ==(%   Elf:1 *   Shoals:3 *   Vaults:3 ?   Vaults:4 (
Vaults:5 %??!?(??!   Depths:1 :   Depths:3 [

Portals:
Hell: Depths:1 Depths:2 Depths:3 Depths:4 Depths:5
Abyss: Depths:4
Pandemonium: Depths:3
Ziggurat: Depths:3

Annotations:
Vaults:4 36 runed doors
Depths:5 1 runed translucent door, Haxkoz's ghost, veteran GrHu


Innate Abilities, Weirdness & Mutations

Your experience applies equally to all skills.
You have very sharp teeth.
Your uncanny sense of smell can sniff out nearby items.
You tend to lose your temper in combat.
Your body sometimes deteriorates upon taking damage.
[You are very dopey. (Int -4)]
[Your magical capacity is very low. (-20% MP)]
[You are very weak. (Str -4)]
[Your spells are a little easier to cast, but a little less powerful.]


Message History

You resist.
You feel very cold.
The hellephant and the tentacled starspawn are frozen.
The hellephant is lightly wounded.
The tentacled starspawn is moderately damaged.
The hellephant tramples you!!
* * * LOW HITPOINT WARNING * * *
You hold your ground!
You block the hellephant's attack. x2
Unknown command.
Unknown command.
Unknown command.
Casting: Ozocubu's Refrigeration (mildly dangerous; 1% risk of failure)
Confirm with . or Enter, or press ? or * to list all spells.
The heat is drained from your surroundings.
You resist.
You feel very cold.
The hellephant and the tentacled starspawn are frozen.
The hellephant is moderately wounded.
The tentacled starspawn is severely damaged.
The hellephant breathes flames at you. The blast of flame hits you!!!!
You die...

#. #(..#........
####.. #...#..... ..
∆......##...*.......#
#..$......# .).. .
#.####...##..##.. .
###.....#. ##. ......
#.......## .#. .Y ..
...##YX.## ##...
..##. #@####
#......>## ### #...
......#.
#............. #....
..... .# #..#.... ..#
# .... .. ..#
#....:...../. ....
........†
...#........


You could see a hellephant (catching breath) and a tentacled starspawn.

Vanquished Creatures
  Mennas (Vaults:2)
  5 ancient liches
  Sojobo (Depths:1)
  A juggernaut (Depths:5)
  Frederick (Depths:1)
  Saint Roka (Depths:5)
  Xtahua (Vaults:2)
  Geryon (Hell)
  7 golden dragons
  A profane servitor (Abyss:2)
  Arachne (Spider:2)
  the Enchantress (Depths:5)
  9 bone dragons
  9 liches
  Jorgrun (D:15)
  6 tentacled monstrosities
  The ghost of Zotill the Tortoise, an adept GrFi of Makhleb (Crypt:2)
  6 titans
  3 deep elf blademasters
  Rupert (D:15)
  3 quicksilver dragons
  4 sphinxes
  3 deep elf master archers
  A kraken (Shoals:3)
  An Executioner (Abyss:4)
  3 acid blobs (Depths:3)
  8 storm dragons
  A sphinx (shapeshifter) (Vaults:5)
  5 ancient champions
  13 tentacled starspawn
  Agnes (Depths:1)
  5 shadow dragons
  Kirke (Spider:3)
  Donald (Spider:1)
  4 tengu reavers
  The ghost of Caleiyous the Geomancer, an adept GrEE of Vehumet (Shoals:1)
  3 revenants
  8 deep elf sorcerers
  5 azure jellies (Depths:3)
  2 orc warlords
  20 vault wardens
  14 frost giants
  17 fire giants
  The ghost of Abreko the Cleaver, a journeyman DrWn of Makhleb (D:15)
  A draconian scorcher (Depths:5)
  Aizul (Elf:3)
  2 iron dragons
  2 ghost moths (Spider:4)
  The ghost of Utoikh the Severer, a journeyman DDFi of Makhleb (Spider:3)
  The ghost of Useleul the Sharpshooter, an adept KoBe of Trog (Orc:1)
  3 emperor scorpions (Spider:4)
  6 balrugs
  7 ghouls
  5 deep elf elementalists (Elf:3)
  An angel (Abyss:3)
  4 spriggan defenders
  A draconian annihilator (Depths:5)
  A curse skull (Crypt:2)
  A draconian shifter (Abyss:1)
  25 very ugly things
  24 ironheart preservers
  17 stone giants
  11 reapers
  A draconian stormcaller (Depths:5)
  3 entropy weavers
  43 large abominations
  3 war gargoyles
  6 vampire knights
  2 green draconians (Depths:5)
  The ghost of Qata the Destroyer, a journeyman OpVM of Vehumet (Lair:4)
  A white draconian (Depths:5)
  4 deep elf demonologists
  11 deep elf annihilators
  3 purple draconians
  A red draconian (Abyss:1)
  A yellow draconian (Depths:5)
  2 lorocyprocas
  3 spark wasps
  15 deep elf death magi
  10 eidola
  14 ettins
  A quicksilver dragon zombie (Crypt:3)
  2 green deaths
  3 death oozes (Depths:3)
  2 jiangshi
  12 merfolk impalers
  15 ogre magi
  5 merfolk javelineers
  A mummy priest (Crypt:3)
  13 yaktaur captains
  A kraken zombie (Hell)
  16 fire dragons
  12 deep elf high priests
  Fannar (Orc:1)
  A hydra (shapeshifter) (Vaults:5)
  A quicksilver dragon skeleton (Crypt:3)
  36 vault guards
  2 hydras
  3 naga warriors
  10 ice dragons
  6 spriggan air magi
  A hell beast (Depths:1)
  18 great orbs of eyes
  2 merfolk avatars
  A juggernaut simulacrum (Depths:5)
  3 alligator snapping turtles
  4 death knights
  A catoblepas (Abyss:1)
  9 centaur warriors
  A shambling mangrove (Abyss:1)
  11 rakshasas
  29 two-headed ogres
  9 tengu warriors
  4 satyrs
  41 small abominations
  An alligator (Shoals:2)
  4 merfolk aquamancers (Shoals:4)
  11 deep troll shamans
  6 hell hogs
  8 orc high priests
  3 death yaks (D:11)
  7 vampire magi
  16 deep troll earth magi
  23 dancing weapons
  5 spriggan berserkers
  A shock serpent (Elf:1)
  A titan zombie (Crypt:3)
  24 thrashing horrors
  A storm dragon zombie (Vaults:5)
  11 hell knights
  15 soul eaters
  24 deep elf knights
  11 sun demons
  A titan skeleton (Crypt:3)
  9 iron trolls
  24 wretched stars
  An iron golem (Hell)
  3 sixfirhies
  33 skeletal warriors
  3 shadow wraiths
  37 deep trolls
  6 unseen horrors
  9 wizards
  2 ghost moth zombies (Crypt:3)
  A gelid demonspawn (Depths:3)
  60 starcursed masses
  A golden dragon zombie (Crypt:3)
  An anaconda skeleton (Abyss:1)
  4 spatial maelstroms
  11 sea snakes
  23 ironbrand convokers
  4 flayed ghosts
  2 anaconda zombies (Hell)
  18 deep elf archers
  6 glowing orange brains
  2 shadow dragon zombies
  18 harpies
  A lindwurm (Lair:6)
  13 phantasmal warriors
  2 harpies (shapeshifter)
  16 orc knights
  59 deep elf magi
  20 necromancers
  A manticore (shapeshifter) (Depths:4)
  16 orb spiders
  3 salamanders (Volcano)
  24 fauns
  2 orc sorcerers (Vaults:4)
  A frost giant zombie (Crypt:3)
  A mana viper (shapeshifter) (Depths:4)
  11 cyclopes
  A shining eye (Abyss:3)
  9 manticores
  A shining eye (shapeshifter) (D:14)
  10 worldbinders
  32 wolf spiders
  A stone giant zombie (Depths:1)
  A sphinx skeleton (Crypt:2)
  31 ugly things
  2 fire giant skeletons
  8 elephants
  A guardian serpent (Abyss:3)
  9 merfolk sirens
  2 spriggan zombies (Depths:3)
  3 iron dragon skeletons
  3 moths of wrath
  A salamander (shapeshifter) (Vaults:1)
  2 black mambas
  An oklob plant (Lair:3)
  2 moths of wrath (shapeshifter)
  2 elephants (shapeshifter)
  9 water nymphs
  A guardian serpent (shapeshifter) (Vaults:3)
  18 smoke demons
  7 orange demons
  A dire elephant zombie (Crypt:3)
  4 ice statues
  A black mamba (shapeshifter) (Elf:1)
  16 vault sentinels
  Joseph (D:7)
  4 apocalypse crabs
  2 frost giant skeletons
  5 rust devils
  4 spiny frogs
  Psyche (D:12)
  A storm dragon simulacrum (Abyss:3)
  Maggie (D:7)
  A rime drake (Lair:6)
  A gargoyle (D:15)
  2 dire elephant skeletons
  9 demonic crawlers
  2 hellions (Hell)
  4 komodo dragons
  A komodo dragon (shapeshifter) (Depths:4)
  93 yaktaurs
  4 efreet
  2 guardian mummies (Crypt:3)
  13 ancient zymes
  A tormentor (Abyss:3)
  11 freezing wraiths
  17 ice devils
  A hydra zombie (Crypt:3)
  A golden dragon simulacrum (Depths:3)
  8 red devils
  A queen ant zombie (Crypt:2)
  6 trolls
  4 tengu conjurers
  22 hellwings
  30 jumping spiders
  A queen bee (D:11)
  3 meliai (D:13)
  8 wind drakes
  A silent spectre (Abyss:2)
  6 polar bears
  40 merfolk
  A meliai (shapeshifter) (Abyss:3)
  A shadow dragon simulacrum (Vaults:5)
  22 hornets
  A tyrant leech (shapeshifter) (Vaults:5)
  16 blink frogs
  4 bog bodies
  2 hydra skeletons (Crypt:3)
  A raiju (shapeshifter) (Elf:1)
  A moth of wrath zombie (Crypt:2)
  3 alligator zombies (Hell)
  7 dream sheep
  A dream sheep (shapeshifter) (Vaults:5)
  An ice dragon zombie (Crypt:1)
  A hippogriff (shapeshifter) (Abyss:3)
  60 raiju
  18 slime creatures
  A fire dragon zombie (Crypt:3)
  8 snapping turtles
  4 hippogriffs
  2 human simulacra
  A meliai zombie (Crypt:2)
  3 ettin zombies
  A guardian serpent zombie (Crypt:2)
  11 water elementals
  15 spriggans
  A spriggan (shapeshifter) (D:15)
  4 air elementals
  14 flying skulls
  5 shadows
  29 tarantellas
  73 redbacks
  An ettin skeleton (Vaults:5)
  6 fire elementals
  14 wraiths
  An ushabti (Crypt:3)
  A tarantella (shapeshifter) (Vaults:3)
  5 wyverns
  17 yaks
  A vampire (Abyss:2)
  15 ynoxinuls
  10 fire bats
  15 humans (D:13)
  11 neqoxecs
  Grum (D:8)
  A black mamba skeleton (Abyss:3)
  8 golden eyes (Abyss:1)
  4 hogs (Spider:3)
  2 steam dragons (Volcano)
  Edmund (D:5)
  5 wargs
  A merfolk zombie (Abyss:3)
  5 swamp worms (D:13)
  13 spatial vortices
  12 chaos spawn
  Menkaure (D:7)
  A naga (Abyss:3)
  3 hungry ghosts
  An insubstantial wisp (Abyss:3)
  2 acid dragons
  A hell hound (D:11)
  A floating eye (Depths:4)
  A floating eye (shapeshifter) (Vaults:5)
  A spiny frog zombie (Hell)
  5 water moccasins
  8 porcupines
  An eye of draining (shapeshifter) (Vaults:2)
  A manticore zombie (Crypt:3)
  2 sky beasts
  A swamp drake (shapeshifter) (Abyss:4)
  3 spiny frog skeletons
  48 orc warriors
  An alligator simulacrum (Hell)
  3 eyes of draining
  4 ice beasts
  An ice dragon simulacrum (Depths:1)
  A sky beast (shapeshifter) (Abyss:2)
  2 black bears (shapeshifter)
  4 phantoms
  A black bear (Lair:6)
  A snapping turtle zombie (Crypt:3)
  31 wolves
  5 boggarts
  A tengu (shapeshifter) (Depths:5)
  50 ogres
  2 necrophages (Crypt:1)
  18 centaurs
  A snapping turtle skeleton (Crypt:3)
  A crocodile (shapeshifter) (Vaults:4)
  15 crocodiles
  Blork the orc (D:5)
  5 big kobolds
  A fire crab zombie (Crypt:2)
  9 bullfrogs
  4 earth elementals
  A human zombie (Vaults:4)
  3 gnoll sergeants (D:9)
  A glowing shapeshifter simulacrum (Vaults:4)
  A komodo dragon skeleton (Crypt:1)
  6 wyvern skeletons
  10 scorpions
  A water moccasin zombie (Crypt:2)
  A scorpion (shapeshifter) (Vaults:3)
  16 killer bees
  13 wights
  3 howler monkeys
  A raiju skeleton (Crypt:1)
  3 electric eels
  2 lava snakes (D:11)
  8 crimson imps
  2 centaur zombies
  3 draconian simulacra (IceCv)
  6 hounds
  6 bullfrog skeletons
  7 iron imps
  21 orc priests
  3 bullfrog zombies
  28 orc wizards
  11 quasits
  7 centaur skeletons
  Crazy Yiuf (D:2)
  8 jellies
  Jessica (D:3)
  A demonspawn skeleton (Crypt:1)
  Ijyb (D:5)
  3 iguanas
  Natasha (thrice) (D:5)
  6 hell rats (Hell)
  9 worker ants
  2 troll simulacra (IceCv)
  2 nameless horrors
  An ogre zombie (Abyss:3)
  6 big kobold zombies (Ossuary)
  3 centaur simulacra (IceCv)
  A naga zombie (Crypt:3)
  A tengu zombie (Crypt:1)
  A dwarf skeleton (Crypt:1)
  A naga skeleton (Crypt:3)
  A big kobold skeleton (Crypt:2)
  2 hound skeletons
  3 mummies (Ossuary)
  A worker ant zombie (D:9)
  22 gnolls
  An ogre simulacrum (IceCv)
  3 scorpion zombies (Ossuary)
  13 adders
  A naga simulacrum (IceCv)
  3 river rats (D:11)
  2 shadow imps
  18 white imps
  6 ufetubi
  3 oozes
  An adder zombie (D:9)
  A lava snake zombie (Crypt:2)
  An adder skeleton (D:4)
  3 worms
  2 dart slugs
  2 leopard geckos
  83 orcs
  8 bats
  5 giant cockroaches
  A gnoll zombie (Ossuary)
  7 hobgoblins
  10 jackals
  34 kobolds
  6 quokkas
  3 ball pythons (D:3)
  3 frilled lizards
  17 goblins
  3 goblin zombies (Ossuary)
  A hobgoblin skeleton (Crypt:1)
  3 kobold zombies (Ossuary)
  An orc zombie (Ossuary)
  A quokka zombie (D:10)
  10 rats
  30 briar patches (D:13)
  10 crawling corpses
  3 fire vortices (D:11)
  3 fungi (Lair:6)
  4 lurking horrors
  161 plants
  16 starspawn tentacles
  4 tentacles
  A withered plant (Crypt:3)
3247 creatures vanquished.

Vanquished Creatures (collateral kills)
  The ghost of Cleanse the Grappler, a journeyman TrFi of Uskayaw (Lair:2)
  A fire dragon (Volcano)
  A merfolk javelineer (Shoals:2)
  Josephine (Lair:6)
  Harold (D:7)
  6 two-headed ogres
  A deep elf knight (Elf:2)
  A skeletal warrior (D:15)
  An anaconda zombie (Crypt:3)
  A spatial maelstrom (Abyss:1)
  A wolf spider zombie (D:14)
  A deep elf mage (Elf:2)
  An orc knight (Orc:2)
  2 necromancers (Crypt:3)
  2 orc sorcerers
  A frost giant zombie (Vaults:4)
  2 cyclopes
  A manticore (D:12)
  An ugly thing (D:11)
  2 elephants (Lair:6)
  A black mamba (Lair:2)
  An alligator snapping turtle zombie (Crypt:2)
  4 spiny frogs
  A human zombie (Vaults:5)
  2 komodo dragons
  A demonic crawler (Spider:2)
  A yaktaur (Vaults:3)
  3 trolls
  A hydra zombie (Hell)
  A polar bear (Lair:6)
  A merfolk (Shoals:1)
  4 dream sheep (Lair:6)
  An ice dragon zombie (Crypt:3)
  A hippogriff (D:7)
  2 redbacks (Spider:4)
  An alligator skeleton (Hell)
  2 spriggans (Lair:6)
  A yak (D:8)
  A hungry ghost (D:9)
  A steam dragon (D:9)
  3 water moccasins
  A porcupine (Lair:2)
  3 black bears
  11 orc warriors
  7 wolves (Lair:6)
  An ogre (D:11)
  A centaur (D:11)
  5 crocodiles
  7 killer bees (D:11)
  A wight (D:7)
  A howler monkey (D:7)
  An electric eel (Lair:5)
  A quasit (D:10)
  7 orc priests
  5 orc wizards
  A statue (D:7)
  A tengu zombie (Crypt:3)
  4 gnolls
  A river rat (D:11)
  5 white imps (Lair:1)
  A leopard gecko (D:11)
  25 orcs
  A goblin (Bailey)
  A hobgoblin (Bailey)
  9 kobolds (Bailey)
  3 plants (Volcano)
167 creatures vanquished.

Vanquished Creatures (others)
  A rakshasa (Depths:3)
  A deep elf mage (Elf:2)
  A centaur skeleton (D:15)
  A bog body (Crypt:1)
  A deep troll skeleton (Depths:1)
  A steam dragon (Volcano)
  An orc warrior (D:15)
  2 small abominations
  A bullfrog (D:15)
  A white imp (Abyss:3)
  A quokka (D:6)
  3 fungi (Lair:6)
  A lurking horror (Abyss:3)
  31 plants
  13 starspawn tentacles
  12 tentacles
  10 withered plants
82 creatures vanquished.

Grand Total: 3496 creatures vanquished

Notes
Turn   | Place    | Note
-------+----------+-------------------------------------------
     0 | D:1      | gruber the Gnoll Ice Elementalist began the quest for the
                  | Orb.
     0 | D:1      | Reached XP level 1. HP: 13/13 MP: 6/6
   475 | D:1      | Reached XP level 2. HP: 17/19 MP: 5/7
   916 | D:1      | Reached XP level 3. HP: 25/25 MP: 7/9
  1017 | D:1      | Reached skill level 5 in Spellcasting
  1374 | D:2      | Learned a level 3 spell: Frozen Ramparts
  1449 | D:2      | Reached skill level 1 in Invocations
  1450 | D:2      | Reached skill level 1 in Fighting
  1450 | D:2      | Reached skill level 1 in Short Blades
  1450 | D:2      | Reached skill level 1 in Long Blades
  1450 | D:2      | Reached skill level 1 in Axes
  1450 | D:2      | Reached skill level 1 in Maces & Flails
  1450 | D:2      | Reached skill level 1 in Polearms
  1450 | D:2      | Reached skill level 1 in Staves
  1450 | D:2      | Reached skill level 1 in Slings
  1450 | D:2      | Reached skill level 1 in Bows
  1450 | D:2      | Reached skill level 1 in Crossbows
  1450 | D:2      | Reached skill level 1 in Throwing
  1450 | D:2      | Reached skill level 1 in Armour
  1450 | D:2      | Reached skill level 1 in Shields
  1450 | D:2      | Reached skill level 1 in Unarmed Combat
  1450 | D:2      | Reached skill level 1 in Evocations
  1450 | D:2      | Reached XP level 4. HP: 28/32 MP: 7/11
  1633 | D:2      | Reached skill level 1 in Conjurations
  1633 | D:2      | Reached skill level 1 in Hexes
  1633 | D:2      | Reached skill level 1 in Charms
  1633 | D:2      | Reached skill level 1 in Summonings
  1633 | D:2      | Reached skill level 1 in Necromancy
  1633 | D:2      | Reached skill level 1 in Translocations
  1633 | D:2      | Reached skill level 1 in Transmutations
  1633 | D:2      | Reached skill level 1 in Fire Magic
  1633 | D:2      | Reached skill level 1 in Air Magic
  1633 | D:2      | Reached skill level 1 in Earth Magic
  1633 | D:2      | Reached skill level 1 in Poison Magic
  1820 | D:2      | Found a runed translucent door.
  1821 | D:2      | Noticed Crazy Yiuf
  1956 | D:2      | Learned a level 4 spell: Hailstorm
  1961 | D:2      | Learned a level 4 spell: Summon Ice Beast
  1993 | D:2      | Found a stormy altar of Qazlal.
  2056 | D:2      | Killed Crazy Yiuf
  2056 | D:2      | Reached XP level 5. HP: 37/37 MP: 7/12
  2151 | D:3      | Noticed Jessica
  2154 | D:3      | Killed Jessica
  2400 | D:3      | Reached XP level 6. HP: 44/44 MP: 13/13
  2405 | D:3      | Reached skill level 2 in Invocations
  2677 | D:3      | Reached skill level 5 in Dodging
  3263 | D:4      | Reached XP level 7. HP: 23/50 MP: 1/15
  3268 | D:4      | Learned a level 3 spell: Ozocubu's Armour
  3753 | D:4      | Reached skill level 5 in Stealth
  3819 | D:4      | Found a staircase to the Ecumenical Temple.
  3886 | D:4      | Reached skill level 3 in Invocations
  4075 | D:4      | Found a blossoming altar of Fedhas.
  4081 | D:4      | Reached XP level 8. HP: 57/57 MP: 8/16
  4308 | D:5      | Entered Level 5 of the Dungeon
  4365 | D:5      | Found a hazy altar of Hepliaklqana.
  4623 | D:5      | Noticed Ijyb
  4630 | D:5      | Noticed Natasha
  4638 | D:5      | Killed Natasha
  4739 | D:5      | Found Hofuo's Assorted Antiques.
  4772 | D:5      | Noticed Natasha
  4776 | D:5      | Killed Natasha
  4836 | D:5      | Noticed Edmund
  4856 | Temple   | Entered the Ecumenical Temple
  5340 | D:5      | Noticed Natasha
  5349 | D:5      | Killed Natasha
  5763 | D:5      | Killed Ijyb
  5798 | D:5      | Killed Edmund
  5798 | D:5      | Reached skill level 4 in Invocations
  5924 | D:5      | Noticed Blork the orc
  5933 | D:5      | Killed Blork the orc
  5933 | D:5      | Reached XP level 9. HP: 36/65 MP: 5/18
  6189 | D:6      | Found Laetuto's Armour Emporium.
  6208 | D:6      | Found Kaidwi Tush's Armour Shoppe.
  6437 | D:6      | Found a white marble altar of Elyvilon.
  6640 | D:7      | Found a sand-covered staircase.
  6645 | Ossuary  | Entered an ossuary
  7219 | D:7      | Noticed Menkaure
  7227 | D:7      | Noticed Maggie
  7229 | D:7      | Killed Menkaure
  7243 | D:7      | Killed Maggie
  7330 | D:7      | Found a radiant altar of Vehumet.
  7358 | D:7      | Became a worshipper of Vehumet
  7430 | D:7      | Reached skill level 5 in Invocations
  7681 | D:7      | Noticed Joseph
  7693 | D:7      | Killed Joseph
  7693 | D:7      | Reached XP level 10. HP: 73/73 MP: 6/20
  7878 | D:7      | Found Kiklyham's Book Shop.
  8115 | D:7      | Noticed Harold
  8140 | D:7      | Killed Harold
  8140 | D:7      | Reached skill level 5 in Fighting
  8140 | D:7      | Reached skill level 5 in Short Blades
  8140 | D:7      | Reached skill level 5 in Long Blades
  8140 | D:7      | Reached skill level 5 in Axes
  8140 | D:7      | Reached skill level 5 in Maces & Flails
  8140 | D:7      | Reached skill level 5 in Polearms
  8140 | D:7      | Reached skill level 5 in Staves
  8140 | D:7      | Reached skill level 5 in Slings
  8140 | D:7      | Reached skill level 5 in Bows
  8140 | D:7      | Reached skill level 5 in Crossbows
  8140 | D:7      | Reached skill level 5 in Throwing
  8140 | D:7      | Reached skill level 5 in Armour
  8140 | D:7      | Reached skill level 5 in Shields
  8140 | D:7      | Reached skill level 5 in Unarmed Combat
  8140 | D:7      | Reached skill level 5 in Evocations
  8429 | D:8      | Reached * piety under Vehumet
  8429 | D:8      | Offered knowledge of Shock by Vehumet.
  8537 | D:8      | Found Kuirr's Jewellery Shoppe.
  8954 | D:8      | Reached skill level 6 in Invocations
  8956 | D:8      | Noticed Grum
  8982 | D:8      | Killed Grum
  9189 | D:8      | Found a burning altar of Makhleb.
  9191 | D:8      | Found a white marble altar of Elyvilon.
  9193 | D:8      | Noticed a two-headed ogre
  9211 | D:8      | Killed a two-headed ogre
  9663 | D:9      | Reached ** piety under Vehumet
  9663 | D:9      | Offered knowledge of Foxfire by Vehumet.
  9700 | D:9      | Reached XP level 11. HP: 81/81 MP: 7/22
 10008 | D:9      | Found a stormy altar of Qazlal.
 10209 | D:9      | Found a sparkling altar of Nemelex Xobeh.
 10457 | D:9      | Found a staircase to the Orcish Mines.
 10469 | D:9      | Offered knowledge of Dazzling Flash by Vehumet.
 10752 | D:9      | Found an iron altar of Okawaru.
 10897 | D:10     | Entered Level 10 of the Dungeon
 10960 | D:10     | Reached *** piety under Vehumet
 10960 | D:10     | Reached skill level 5 in Conjurations
 10960 | D:10     | Reached skill level 5 in Hexes
 10960 | D:10     | Reached skill level 5 in Charms
 10960 | D:10     | Reached skill level 5 in Summonings
 10960 | D:10     | Reached skill level 5 in Necromancy
 10960 | D:10     | Reached skill level 5 in Translocations
 10960 | D:10     | Reached skill level 5 in Transmutations
 10960 | D:10     | Reached skill level 5 in Fire Magic
 10960 | D:10     | Reached skill level 5 in Air Magic
 10960 | D:10     | Reached skill level 5 in Earth Magic
 10960 | D:10     | Reached skill level 5 in Poison Magic
 11682 | D:11     | Noticed a death yak
 11692 | D:11     | Noticed a death yak
 11694 | D:11     | Noticed a death yak
 11697 | D:11     | Killed a death yak
 11705 | D:11     | Killed a death yak
 11707 | D:11     | Killed a death yak
 11707 | D:11     | Reached skill level 7 in Invocations
 11728 | D:11     | Offered knowledge of Ignite Poison by Vehumet.
 11856 | D:11     | Found a staircase to the Lair.
 11940 | D:11     | Noticed a manticore
 11944 | D:11     | Killed a manticore
 12012 | D:11     | Noticed a cyclops
 12021 | D:11     | Killed a cyclops
 12077 | D:11     | Reached **** piety under Vehumet
 12145 | D:11     | Noticed a red ugly thing
 12154 | D:11     | Killed a red ugly thing
 12165 | D:11     | Offered knowledge of Irradiate by Vehumet.
 12165 | D:11     | Reached XP level 12. HP: 79/89 MP: 19/24
 12435 | D:11     | Learned a level 4 spell: Airstrike
 12836 | D:11     | Got a dazzling rapier
 12837 | D:11     | Identified the +5 rapier "Juxy" {venom, rElec rF- Dex-2
                  | SInv} (You found it on level 11 of the Dungeon)
 13096 | D:12     | Noticed Psyche
 13117 | D:12     | Killed Psyche
 13148 | D:12     | Identified Yrez's Incunabulum of Glacial Boosts
 13313 | D:12     | Got a scorched ruby amulet
 13452 | D:12     | Found Ucessug's General Store.
 13470 | D:12     | Identified the amulet of Amelioration {Acrobat rF+} (You
                  | found it on level 12 of the Dungeon)
 13588 | D:12     | Noticed a two-headed ogre
 13595 | D:12     | Killed a two-headed ogre
 13718 | D:13     | Found Zufriet's Food Boutique.
 13730 | D:13     | Noticed an eight-headed hydra
 13765 | D:13     | Killed an eight-headed hydra
 13765 | D:13     | Reached skill level 8 in Invocations
 13939 | D:13     | Found a transporter.
 14092 | D:13     | Found a flagged portal.
 14153 | Bailey   | Entered a bailey
 14158 | Bailey   | Noticed an orc warlord
 14350 | Bailey   | Found a runed translucent gate.
 14354 | Bailey   | Found a runed translucent gate.
 14356 | Bailey   | Found a runed translucent gate.
 14392 | Bailey   | Reached ***** piety under Vehumet
 14685 | Bailey   | Offered knowledge of Bolt of Magma by Vehumet.
 14740 | Bailey   | Killed an orc warlord
 15254 | Lair:1   | Entered Level 1 of the Lair of Beasts
 15418 | Lair:1   | Found a frozen archway.
 15525 | Lair:1   | Learned a level 5 spell: Bolt of Magma
 15526 | IceCv    | Entered an ice cave
 15837 | IceCv    | Reached XP level 13. HP: 98/98 MP: 12/26
 16045 | IceCv    | Reached skill level 9 in Invocations
 16045 | IceCv    | Reached XP level 14. HP: 97/105 MP: 10/27
 16873 | IceCv    | Identified the +0 morningstar "Faho" {vorpal, *Contam rPois
                  | rN+}
 16889 | IceCv    | Got a faintly glowing plate armour
 16939 | Lair:1   | Identified the +5 plate armour "Ahuphaemp" {MR+} (You found
                  | it in an ice cave)
 17004 | Lair:1   | Reached skill level 10 in Ice Magic
 18040 | Lair:2   | Offered knowledge of Yara's Violent Unravelling by Vehumet.
 18317 | Lair:2   | Noticed Cleanse's ghost (journeyman TrFi)
 18321 | Lair:2   | Found a runed translucent gate.
 18321 | Lair:2   | Found a runed translucent gate.
 18322 | Lair:2   | Found a runed translucent gate.
 19107 | Lair:3   | Reached skill level 10 in Spellcasting
 19495 | Lair:3   | Found a staircase to the Shoals.
 19592 | Lair:3   | Got a scorched flail
 19593 | Lair:3   | Identified the +9 flail "Wimeur" {venom, rElec MP+9 Dex+2}
                  | (You found it on level 3 of the Lair of Beasts)
 19970 | Lair:3   | Found a bloodstained altar of Trog.
 20268 | Lair:4   | Found a hole to the Spider Nest.
 20667 | Lair:4   | Found a runed translucent door.
 21280 | Lair:4   | Noticed Qata's ghost (journeyman OpVM)
 21661 | Lair:5   | Reached skill level 10 in Dodging
 21812 | Lair:5   | Found a staircase to the Slime Pits.
 21812 | Lair:5   | Found a viscous altar of Jiyva.
 22039 | Lair:5   | Got an ancient morningstar
 22040 | Lair:5   | Identified the +6 morningstar "Umats" {chaos, *Corrode +Fly
                  | rElec rC+} (You found it on level 5 of the Lair of Beasts)
 22850 | Lair:6   | Entered Level 6 of the Lair of Beasts
 23374 | Lair:6   | Found a dark tunnel.
 23381 | Lair:6   | Reached skill level 10 in Stealth
 23450 | Volcano  | Entered a volcano
 23472 | Volcano  | Offered knowledge of Freezing Cloud by Vehumet.
 24067 | Volcano  | Reached skill level 10 in Invocations
 24428 | Volcano  | Reached XP level 15. HP: 106/113 MP: 22/29
 24579 | Volcano  | Got a pair of fading gloves
 24594 | Volcano  | Reached XP level 16. HP: 120/120 MP: 30/30
 24620 | Volcano  | Identified the +0 pair of gloves of the Elven Halls {Dex+4}
                  | (You found it in a volcano)
 25783 | Lair:6   | Learned a level 6 spell: Freezing Cloud
 26036 | Lair:6   | Noticed Josephine
 26043 | Lair:6   | Killed Josephine
 26394 | Lair:6   | Found a blossoming altar of Fedhas.
 26515 | Lair:6   | Offered knowledge of Iron Shot by Vehumet.
 27007 | D:13     | Found a gate to the Vaults.
 27089 | D:13     | Reached skill level 10 in Fighting
 27089 | D:13     | Reached skill level 10 in Short Blades
 27089 | D:13     | Reached skill level 10 in Long Blades
 27089 | D:13     | Reached skill level 10 in Axes
 27089 | D:13     | Reached skill level 10 in Maces & Flails
 27089 | D:13     | Reached skill level 10 in Polearms
 27089 | D:13     | Reached skill level 10 in Staves
 27089 | D:13     | Reached skill level 10 in Slings
 27089 | D:13     | Reached skill level 10 in Bows
 27089 | D:13     | Reached skill level 10 in Crossbows
 27089 | D:13     | Reached skill level 10 in Throwing
 27089 | D:13     | Reached skill level 10 in Armour
 27089 | D:13     | Reached skill level 10 in Shields
 27089 | D:13     | Reached skill level 10 in Unarmed Combat
 27089 | D:13     | Reached skill level 10 in Evocations
 27470 | D:13     | Found a transporter.
 28044 | D:14     | Found Meur's Gadget Emporium.
 28563 | D:14     | Gained mutation: You tend to lose your temper in combat. [a
                  | shining eye]
 28799 | D:14     | Found Xixtuleg's Antique Weapon Shop.
 28930 | D:14     | Found a shimmering altar of Xom.
 29118 | D:15     | Entered Level 15 of the Dungeon
 29146 | D:15     | Noticed Jorgrun
 29151 | D:15     | Killed Jorgrun
 29151 | D:15     | Reached skill level 11 in Invocations
 29682 | D:15     | Offered knowledge of Starburst by Vehumet.
 29835 | D:15     | Found a staircase to the Depths.
 29860 | D:15     | Found a runed translucent gate.
 29860 | D:15     | Found a runed translucent gate.
 29861 | D:15     | Found a runed translucent gate.
 29864 | D:15     | Noticed Abreko's ghost (journeyman DrWn)
 29866 | D:15     | Found Plog's General Store.
 30457 | D:15     | Noticed Rupert
 30465 | D:15     | Killed Rupert
 31117 | Orc:1    | Entered Level 1 of the Orcish Mines
 31131 | Orc:1    | Reached XP level 17. HP: 125/129 MP: 32/32
 31572 | Orc:1    | Offered knowledge of Lee's Rapid Deconstruction by Vehumet.
 31727 | Orc:1    | Found a roughly hewn altar of Beogh.
 32180 | Orc:2    | Entered Level 2 of the Orcish Mines
 32501 | Orc:1    | You fall into a shaft and drop 1 floor!
 32592 | Orc:1    | Noticed Fannar
 32612 | Orc:1    | Killed Fannar
 32893 | Orc:1    | Found a runed translucent door.
 32893 | Orc:1    | Found a shimmering altar of Xom.
 32893 | Orc:1    | Noticed Useleul's ghost (adept KoBe)
 32894 | Orc:1    | Found the +7 great mace "Firestarter" {inner flame, rF++}
 33108 | Orc:2    | Found a staircase to the Elven Halls.
 33212 | Orc:2    | Found a roughly hewn altar of Beogh.
 34827 | Orc:2    | Found Xemiguud's Jewellery Shop.
 34830 | Orc:2    | Found Rattoick's Food Shop.
 34831 | Orc:2    | Found Foeruof's Jewellery Shop.
 34832 | Orc:2    | Found Kymur's Weapon Boutique.
 35033 | D:7      | Bought a book of Ice for 845 gold pieces
 35040 | D:7      | Learned a level 6 spell: Ozocubu's Refrigeration
 35250 | Shoals:1 | Entered Level 1 of the Shoals
 36191 | Shoals:1 | Found a runed translucent door.
 36191 | Shoals:1 | Noticed Caleiyous's ghost (adept GrEE)
 36376 | Shoals:1 | Offered knowledge of Lehudib's Crystal Spear by Vehumet.
 37324 | Shoals:2 | Found a transporter.
 37599 | Shoals:2 | Found a transporter.
 37888 | Shoals:2 | Reached skill level 12 in Invocations
 39126 | Shoals:3 | Reached XP level 18. HP: 104/138 MP: 22/34
 39660 | Shoals:3 | Found Micvui's Assorted Antiques.
 39742 | Shoals:4 | Entered Level 4 of the Shoals
 40861 | Shoals:4 | Reached ****** piety under Vehumet
 40907 | Shoals:4 | Identified the Catalogue of Calling
 41178 | Shoals:4 | Offered knowledge of Shatter by Vehumet.
 41178 | Shoals:4 | Offered knowledge of Tornado by Vehumet.
 41178 | Shoals:4 | Offered knowledge of Absolute Zero by Vehumet.
 41178 | Shoals:4 | Reached skill level 10 in Conjurations
 41178 | Shoals:4 | Reached skill level 10 in Hexes
 41178 | Shoals:4 | Reached skill level 10 in Charms
 41178 | Shoals:4 | Reached skill level 10 in Summonings
 41178 | Shoals:4 | Reached skill level 10 in Necromancy
 41178 | Shoals:4 | Reached skill level 10 in Translocations
 41178 | Shoals:4 | Reached skill level 10 in Transmutations
 41178 | Shoals:4 | Reached skill level 10 in Fire Magic
 41178 | Shoals:4 | Reached skill level 10 in Air Magic
 41178 | Shoals:4 | Reached skill level 10 in Earth Magic
 41178 | Shoals:4 | Reached skill level 10 in Poison Magic
 41194 | Shoals:4 | Got a barnacled rune of Zot
 41579 | Shoals:4 | Identified 2 scrolls of acquirement
 41581 | Shoals:4 | Found the +9 staff of Olgreb {rPois∞}
 41581 | Shoals:4 | Got the +9 staff of Olgreb {rPois∞}
 41583 | Shoals:4 | Got the amulet of the Endless Expanse {Acrobat Int+6}
 42131 | Spider:1 | Entered Level 1 of the Spider Nest
 43063 | Spider:1 | Noticed Donald
 43070 | Spider:1 | Killed Donald
 44476 | Spider:2 | Noticed Arachne
 44491 | Spider:2 | Killed Arachne
 44491 | Spider:2 | Reached XP level 19. HP: 146/146 MP: 9/35
 45023 | Spider:2 | Reached skill level 13 in Invocations
 45379 | Spider:3 | Found a runed translucent door.
 45380 | Spider:3 | Found a shimmering altar of Xom.
 45380 | Spider:3 | Noticed Utoikh's ghost (journeyman DDFi)
 45381 | Spider:3 | Found the +0 sword of Power
 45398 | Spider:3 | Noticed Kirke
 45408 | Spider:3 | Killed Kirke
 46177 | Spider:4 | Entered Level 4 of the Spider Nest
 48041 | Spider:4 | Got a gossamer rune of Zot
 48730 | D:13     | Got a shimmering hat
 48731 | D:13     | Identified the +0 hat "Haanep" {rPois rC+++ Dex-5 Stlth-}
                  | (You found it on level 13 of the Dungeon)
 48801 | D:15     | Killed Abreko's ghost
 48873 | D:15     | Got a faintly humming hat
 48874 | D:15     | Identified the +1 hat "Onyahyis" {rPois MR++ Str-2 SInv}
                  | (You found it on level 15 of the Dungeon)
 49198 | Lair:2   | Killed Cleanse's ghost
 49476 | Lair:4   | Killed Qata's ghost
 49703 | Shoals:1 | Killed Caleiyous's ghost
 49898 | Spider:3 | Killed Utoikh's ghost
 50299 | Orc:1    | Killed Useleul's ghost
 50923 | Shoals:2 | Reached XP level 20. HP: 154/154 MP: 37/37
 51010 | Shoals:2 | Got a jewelled helmet
 51011 | Shoals:2 | Identified the -6 helmet of the Other World {rElec rF+++
                  | rN+ Stlth-} (You found it on level 2 of the Shoals)
 51267 | Vaults:1 | Entered Level 1 of the Vaults
 51269 | Vaults:1 | Reached XP level 21. HP: 159/159 MP: 32/38
 51972 | D:6      | Bought the +5 ring mail of Anarchy {rN++ rCorr Int+2} for
                  | 675 gold pieces
 52478 | Vaults:1 | Reached skill level 14 in Invocations
 53563 | Vaults:1 | Got a bronze scale mail
 53564 | Vaults:1 | Identified the +5 scale mail of Wougaupo {rN+ MR+ Dex+3
                  | SInv} (You found it on level 1 of the Vaults)
 53999 | Vaults:2 | Noticed Mennas
 54018 | Vaults:2 | Killed Mennas
 54826 | Vaults:2 | Noticed Xtahua
 54830 | Vaults:2 | Killed Xtahua
 55019 | Vaults:2 | Reached XP level 22. HP: 161/169 MP: 34/40
 56285 | Vaults:2 | Learned a level 9 spell: Absolute Zero
 58300 | Vaults:3 | Reached skill level 15 in Invocations
 58801 | Vaults:3 | Found a staircase to the Crypt.
 58807 | Vaults:3 | Found Namamn's Magic Scroll Emporium.
 58873 | Vaults:3 | Bought a scroll of identify for 34 gold pieces
 58873 | Vaults:3 | Bought a scroll of teleportation for 51 gold pieces
 58873 | Vaults:3 | Bought a scroll of blinking for 127 gold pieces
 58984 | Vaults:4 | Reached XP level 23. HP: 177/177 MP: 41/41
 58994 | Vaults:4 | Found Daotauph's Antique Weapon Emporium.
 59120 | Vaults:4 | Got a twitching steel ring
 60370 | Vaults:4 | Found a huge runed gate.
 60370 | Vaults:4 | Found a huge runed gate.
 60370 | Vaults:4 | Found a huge runed gate.
 60370 | Vaults:4 | Found a huge runed gate.
 60370 | Vaults:4 | Found a huge runed gate.
 60370 | Vaults:4 | Found a huge runed gate.
 60370 | Vaults:4 | Found a huge runed gate.
 60370 | Vaults:4 | Found a huge runed gate.
 60371 | Vaults:4 | Found a huge runed gate.
 60371 | Vaults:4 | Found a huge runed gate.
 60371 | Vaults:4 | Found a huge runed gate.
 60986 | Vaults:4 | Found a huge runed gate.
 60987 | Vaults:4 | Found a huge runed gate.
 60988 | Vaults:4 | Found a huge runed gate.
 60989 | Vaults:4 | Found a huge runed gate.
 60990 | Vaults:4 | Found a huge runed gate.
 60998 | Vaults:4 | Found a huge runed gate.
 60998 | Vaults:4 | Found a huge runed gate.
 60998 | Vaults:4 | Found a huge runed gate.
 60998 | Vaults:4 | Found a huge runed gate.
 60998 | Vaults:4 | Found a huge runed gate.
 60998 | Vaults:4 | Found a huge runed gate.
 60998 | Vaults:4 | Found a huge runed gate.
 60999 | Vaults:4 | Found a huge runed gate.
 61000 | Vaults:4 | Found a huge runed gate.
 61008 | Vaults:4 | Found a huge runed gate.
 61008 | Vaults:4 | Found a huge runed gate.
 61008 | Vaults:4 | Found a huge runed gate.
 61008 | Vaults:4 | Found a huge runed gate.
 61008 | Vaults:4 | Found a huge runed gate.
 61008 | Vaults:4 | Found a huge runed gate.
 61008 | Vaults:4 | Found a huge runed gate.
 61009 | Vaults:4 | Found a huge runed gate.
 61010 | Vaults:4 | Found a huge runed gate.
 61018 | Vaults:4 | Found a huge runed gate.
 61018 | Vaults:4 | Found a huge runed gate.
 61338 | D:15     | Reached skill level 15 in Spellcasting
 61354 | Depths:1 | Entered Level 1 of the Depths
 61719 | Depths:1 | Found Puhucuvo's One-of-a-Kind Books.
 61859 | Depths:1 | Noticed Sojobo
 61863 | Depths:1 | Noticed Agnes
 61867 | Depths:1 | Killed Agnes
 62109 | Depths:1 | Reached skill level 15 in Dodging
 62189 | Depths:1 | Killed Sojobo
 62253 | Depths:1 | Noticed Frederick
 62261 | Depths:1 | Killed Frederick
 62736 | Depths:1 | Reached skill level 15 in Stealth
 62813 | Depths:1 | Found a gateway to Hell.
 63592 | Depths:2 | Reached XP level 24. HP: 136/186 MP: 10/42
 64440 | Depths:2 | Reached skill level 16 in Invocations
 64846 | Depths:2 | Got a fine mace
 64847 | Depths:2 | Identified the ring "Jionkoop" {+Inv rF- rC+ MR+++ Stlth+}
                  | (You found it on level 4 of the Vaults)
 64848 | Depths:2 | Identified the +3 mace of Plog {elec, rElec rF- rN++} (You
                  | found it on level 2 of the Depths)
 65732 | Depths:3 | Found Nekh's Armour Boutique.
 65809 | Depths:3 | Found a one-way gate leading to the halls of Pandemonium.
 65890 | Depths:3 | Reached skill level 15 in Fighting
 65890 | Depths:3 | Reached skill level 15 in Short Blades
 65890 | Depths:3 | Reached skill level 15 in Long Blades
 65890 | Depths:3 | Reached skill level 15 in Axes
 65890 | Depths:3 | Reached skill level 15 in Maces & Flails
 65890 | Depths:3 | Reached skill level 15 in Polearms
 65890 | Depths:3 | Reached skill level 15 in Staves
 65890 | Depths:3 | Reached skill level 15 in Slings
 65890 | Depths:3 | Reached skill level 15 in Bows
 65890 | Depths:3 | Reached skill level 15 in Crossbows
 65890 | Depths:3 | Reached skill level 15 in Throwing
 65890 | Depths:3 | Reached skill level 15 in Armour
 65890 | Depths:3 | Reached skill level 15 in Shields
 65890 | Depths:3 | Reached skill level 15 in Unarmed Combat
 65890 | Depths:3 | Reached skill level 15 in Evocations
 67487 | Depths:3 | Found a gateway to a ziggurat.
 67716 | Depths:3 | Reached XP level 25. HP: 194/194 MP: 36/42
 69068 | Depths:4 | Found a one-way gate to the infinite horrors of the Abyss.
 69994 | Depths:4 | Got a crystal scimitar
 69995 | Depths:4 | Identified the +6 scimitar of Fiovoa {vamp, +Blink rPois
                  | Str+8 Dex-2} (You found it on level 4 of the Depths)
 70454 | Depths:5 | Entered Level 5 of the Depths
 70460 | Depths:5 | Noticed an ancient lich
 70460 | Depths:5 | Noticed Haxkoz's ghost (veteran GrHu)
 70461 | Depths:5 | Noticed a juggernaut
 70512 | Depths:5 | Reached skill level 17 in Invocations
 70512 | Depths:5 | Noticed the Enchantress
 70516 | Depths:5 | Killed the Enchantress
 70516 | Depths:5 | Reached skill level 15 in Ice Magic
 71271 | Depths:5 | Reached XP level 26. HP: 178/203 MP: 28/43
 71366 | Depths:5 | Got a garnet-encrusted ring mail
 71367 | Depths:5 | Identified the cursed +0 ring mail of the Sun {Harm Str+3}
                  | (You found it on level 5 of the Depths)
 71763 | Depths:5 | Found a runed translucent door.
 71765 | Depths:5 | Found a runed translucent door.
 71765 | Depths:5 | Noticed Saint Roka
 71774 | Depths:5 | Killed Saint Roka
 72462 | Depths:5 | Found a gate to the Realm of Zot.
 73188 | Elf:1    | Entered Level 1 of the Elven Halls
 73224 | Elf:1    | Found the +8 arc blade {discharge, rElec}
 73608 | Elf:1    | Found Gakyq's General Store.
 74070 | Elf:2    | Found a runed translucent gate.
 74070 | Elf:2    | Found a runed translucent gate.
 74070 | Elf:2    | Found a runed translucent gate.
 75781 | Elf:3    | Entered Level 3 of the Elven Halls
 75879 | Elf:3    | Noticed Aizul
 75885 | Elf:3    | Killed Aizul
 76640 | Elf:3    | Reached XP level 27. HP: 211/211 MP: 27/44
 76650 | Elf:3    | Got a brightly glowing sapphire amulet
 76651 | Elf:3    | Identified the amulet of Perfectionism {rElec Regen+} (You
                  | found it on level 3 of the Elven Halls)
 76668 | Elf:3    | Got a clouded copper ring
 76669 | Elf:3    | Identified the ring "Zeujuken" {Ice +Inv rPois Str+2 Dex-2}
                  | (You found it on level 3 of the Elven Halls)
 76695 | Elf:3    | Got a distressingly furry buckler
 76706 | Elf:3    | Identified the cursed -1 buckler of Immorality {Str+3} (You
                  | found it on level 3 of the Elven Halls)
 76826 | Elf:3    | Identified the Catalogue of Enthralling Calling
 77764 | Crypt:1  | Entered Level 1 of the Crypt
 79731 | Crypt:2  | Found a runed translucent gate.
 79732 | Crypt:2  | Found a runed translucent gate.
 79733 | Crypt:2  | Found a runed translucent gate.
 79735 | Crypt:2  | Noticed Zotill's ghost (adept GrFi)
 79822 | Crypt:2  | Found an iron altar of Okawaru.
 79877 | Crypt:2  | Reached skill level 18 in Invocations
 79879 | Crypt:2  | Killed Zotill's ghost
 79881 | Crypt:2  | Reached skill level 15 in Air Magic
 80205 | Crypt:2  | Got a spiked scale mail
 80216 | Crypt:2  | Identified the +3 scale mail of Siqywnawne {-Tele rF+ rC++
                  | rN+} (You found it on level 2 of the Crypt)
 80939 | Crypt:3  | Entered Level 3 of the Crypt
 81040 | Crypt:3  | Learned a level 2 spell: Blink
 82484 | Crypt:3  | Found a staircase to the Tomb.
 83142 | Crypt:3  | Found an ancient bone altar of Kikubaaqudgha.
 84114 | Crypt:3  | Noticed an ancient lich
 84137 | Crypt:3  | Killed an ancient lich
 84410 | Crypt:3  | Got an ancient dagger
 84411 | Crypt:3  | Identified the +9 dagger "Dantiyda" {flame, *Drain rF++ MR+
                  | SInv} (You found it on level 3 of the Crypt)
 85006 | Hell     | Entered the Vestibule of Hell
 85006 | Hell     | Noticed Geryon
 85021 | Hell     | Killed Geryon
 85297 | Hell     | Found a gateway to the decaying netherworld of Tartarus.
 85811 | Hell     | Found a gateway to the ashen valley of Gehenna.
 86612 | Hell     | Found a gateway to the Iron City of Dis.
 87091 | Hell     | Found a gateway to the freezing wastes of Cocytus.
 87481 | D:14     | Bought a brightly glowing flail for 280 gold pieces
 87481 | D:14     | Identified the +9 flail of the Middle {vamp, rF+ Str+4}
                  | (You bought it in a shop on level 14 of the Dungeon)
 87634 | Vaults:3 | Got a faintly glowing dagger
 87635 | Vaults:3 | Identified the +6 dagger of Femoefuo {freeze, rN+ Str+4
                  | Int+3} (You found it on level 3 of the Vaults)
 87972 | Vaults:5 | Entered Level 5 of the Vaults
 87983 | Vaults:5 | Reached skill level 15 in Conjurations
 87983 | Vaults:5 | Reached skill level 15 in Hexes
 87983 | Vaults:5 | Reached skill level 15 in Charms
 87983 | Vaults:5 | Reached skill level 15 in Summonings
 87983 | Vaults:5 | Reached skill level 15 in Necromancy
 87983 | Vaults:5 | Reached skill level 15 in Translocations
 87983 | Vaults:5 | Reached skill level 15 in Transmutations
 87983 | Vaults:5 | Reached skill level 15 in Fire Magic
 87983 | Vaults:5 | Reached skill level 15 in Earth Magic
 87983 | Vaults:5 | Reached skill level 15 in Poison Magic
 88122 | Vaults:5 | Noticed an ancient lich
 88629 | Vaults:5 | Found Byrafem's Magic Scroll Boutique.
 88629 | Vaults:5 | Found Kiulyt's Magic Scroll Shoppe.
 88638 | Vaults:5 | Found Waeb's Distillery.
 88697 | Vaults:5 | Bought a scroll of identify for 24 gold pieces
 88809 | Vaults:5 | Bought a scroll of identify for 30 gold pieces
 88926 | Vaults:5 | Killed an ancient lich
 89483 | Vaults:5 | Reached skill level 19 in Invocations
 89781 | Vaults:5 | Noticed an ancient lich
 90086 | Vaults:5 | Found Sacucur's Magic Scroll Boutique.
 90099 | Vaults:5 | Found Jemn's Magic Scroll Emporium.
 90099 | Vaults:5 | Found Omihuun's Food Shop.
 90104 | Vaults:5 | Bought a scroll of identify for 38 gold pieces
 90104 | Vaults:5 | Bought a scroll of identify for 38 gold pieces
 90104 | Vaults:5 | Bought a scroll of identify for 38 gold pieces
 90104 | Vaults:5 | Bought a scroll of blinking for 142 gold pieces
 90135 | Vaults:5 | Bought a scroll of identify for 36 gold pieces
 90135 | Vaults:5 | Bought a scroll of identify for 36 gold pieces
 90142 | Vaults:5 | Found Qair's Magic Scroll Shoppe.
 90142 | Vaults:5 | Found Meos's Distillery.
 90146 | Vaults:5 | Bought a scroll of identify for 42 gold pieces
 90146 | Vaults:5 | Bought a scroll of identify for 42 gold pieces
 90160 | Vaults:5 | Got a silver rune of Zot
 90234 | Vaults:5 | Found Girutt's Weapon Shoppe.
 90817 | Vaults:5 | Noticed an ancient lich
 90914 | Vaults:5 | Learned a level 6 spell: Iron Shot
 91042 | Vaults:5 | Killed an ancient lich
 91079 | Vaults:5 | Killed an ancient lich
 91503 | Vaults:5 | Got a scorched war axe
 91504 | Vaults:5 | Identified the +4 war axe of Byink {venom, rF+ Int+4} (You
                  | found it on level 5 of the Vaults)
 91531 | Vaults:5 | Got a bronze scale mail
 91532 | Vaults:5 | Identified the +2 scale mail "Ylykhy" {*Corrode rElec
                  | Str+7} (You found it on level 5 of the Vaults)
 91684 | Vaults:5 | Learned a level 8 spell: Necromutation
 92079 | Crypt:2  | Got an ancient hunting sling
 92080 | Crypt:2  | Identified the +10 hunting sling of the Wasp {freeze, rF+
                  | rN+ Dex+5} (You found it on level 2 of the Crypt)
 97044 | D:15     | Bought a scroll of blinking for 120 gold pieces
 97860 | Depths:5 | Killed a juggernaut
 99365 | Depths:5 | Killed an ancient lich
 99543 | Depths:4 | Voluntarily entered the Abyss.
100250 | Abyss:1  | Gained mutation: Your body sometimes deteriorates upon
                  | taking damage. [a neqoxec]
101294 | Abyss:2  | Got a twitching tin ring
101295 | Abyss:2  | Identified the ring of Atirrure {Fire Slay+3} (You found it
                  | on level 2 of the Abyss)
102375 | Depths:4 | Escaped the Abyss
102723 | Depths:4 | Voluntarily entered the Abyss.
104155 | Abyss:3  | Reached skill level 20 in Invocations
104864 | Depths:4 | Escaped the Abyss
105152 | Depths:4 | Voluntarily entered the Abyss.
105152 | Abyss:1  | Found a corrupted altar of Lugonu.
105485 | Abyss:1  | Killed from afar by a hellephant

Illustrated notes

Levels and vault maps discovered:
D:1:      dpeg_arrival_three_same_balls, layout_basic
D:2:      layout_loops_ring, nicolae_qazlal_eye_of_the_storm,
          uniq_crazy_yiuf_cottage
D:3:      layout_loops_ring, nicolae_underground_beach, uniq_jessica,
          uniq_natasha
D:4:      cheibrodos_thug_alley, layout_basic, nicolae_overflow_crystal_walls,
          minmay_temple_entry_from_below_a
D:5:      layout_basic, lemuel_round_altar, serial_shops, nicolae_shop_crystal,
          first_ration, uniq_ijyb, uniq_edmund, uniq_blork_the_orc
D:6:      layout_rooms, serial_shops, shop, nicolae_shop_crystal,
          elyvilon_altar_4
D:7:      layout_gridville, vehumet_statue, serial_shops, kennysheep_little_box,
          enter_ossuary_2, uniq_harold, uniq_joseph, uniq_maggie, uniq_menkaure
D:8:      layout_gridville, grunt_temple_overflow_open, serial_shops,
          nicolae_shop_temple_entry_statues_fountains, uniq_grum
D:9:      layout_long_grid, nemelex_xobeh_ov_fountains_minmay,
          kennysheep_orc_monster_closet_entryway, basic_altar, grunt_ogre_cave,
          kennysheep_okawaru_gauntlet
D:10:     layout_gridville, columned_hall_lemuel
D:11:     layout_rooms, dpeg_lair_monsters, special_room [special_room_bee],
          hangedman_incinerator
D:12:     layout_basic, serial_shops, shop, uniq_psyche
D:13:     gammafunk_worm_tunnel, layout_irregular_city,
          grunt_vaults_entry_tiered, serial_shops, kennysheep_mini_moat,
          enter_bailey_2
D:14:     layout_irregular_city, dk_noncrumbling_2, basic_altar, serial_shops,
          nicolae_shop_crystal, shop, hangedman_abyss_or_decor_stagger,
          drop_trap
D:15:     hangedman_depths_entry_civil_slaughter, layout_loops_ring,
          gammafunk_ghost_tricky_traps, serial_shops, shop_fountains,
          einodemon_armed_red_devil_minivault, uniq_rupert, uniq_jorgrun
Temple:   regret_index_temple_waves
Lair:1:   layout_cellular_growth, portal_ice_cave_entry_imps, grunt_megastairs_5
Lair:2:   layout_gridlike, ebering_ghost_rock_garden,
          grunt_forest_small_clearings
Lair:3:   layout_cave_pods, shoals_dummy_entry, special_room, lemuel_oklob_altar
Lair:4:   layout_gridlike, spider_nest_entry_a, ebering_ghost_reflecting_pool,
          serial_bayou, serial_bayou_shore_b, serial_bayou_pond_b,
          serial_bayou_pond_e, serial_bayou_lagoon_a,
          infiniplex_staircase_pool_2, lemuel_fruit_tree
Lair:5:   layout_hall_layers, slime_altar_1, chequers_serial_rivers_micro_d,
          small_statue_intersection, infiniplex_staircase_pool,
          grunt_megastairs_1
Lair:6:   minmay_lair_end_enchanted_forest, layout_long_grid,
          gauntlet_entry_generic, nicolae_volcano_entry_vermiform, basic_altar,
          fungi_pond_lemuel, uniq_josephine
Shoals:1: layout_shoals, gammafunk_ghost_grave, nicolae_shoals_circle_sea_wall
Shoals:2: gammafunk_the_bubble [the_bubble_gammafunk_grid], layout_shoals,
          nicolae_shoals_siren_and_animal_friends
Shoals:3: layout_shoals, serial_shops, nicolae_shop_behind_doors, centaur_isle
Shoals:4: shoals_end_simple, layout_shoals
Spider:1: layout_chambers, uniq_donald
Spider:2: layout_spider_delve, hangedman_spider_tarantella_strand, uniq_arachne
Spider:3: layout_spider_delve, ebering_ghost_xom, nicolae_spider_stair_cavern,
          uniq_kirke
Spider:4: grunt_spider_rune_parallel
Orc:1:    minmay_goldmine, layout_diamond_mine, ebering_ghost_xom,
          bh_open_orc_temple, uniq_fannar
Orc:2:    st_orc_pillars, layout_diamond_mine, basic_altar
Elf:1:    minmay_shoctagon, layout_geoelf_octagon, serial_shops,
          nicolae_shop_stone, hangedman_elf_represent
Elf:2:    layout_loops_cross, item_on_display_a
Elf:3:    minmay_elf_hall_four_x, layout_geoelf_octagon, uniq_aizul
Vaults:1: nicolae_vaults_rhombus_5, v_misc_2, v_misc_2, ontoclasm_vaults_fault,
          st_cross, vaults_dpeg_ring, nicolae_vaults_ring_of_whatevers,
          dpeg_vaults_monster_box, dpeg_vaults_monster_row,
          nicolae_vaults_sealed_display, layout_vaults_ring
Vaults:2: v_rooms_2, nicolae_vaults_little_ls, nicolae_vaults_display_case,
          ontoclasm_vaults_ring_square, nicolae_vaults_twisting_passages,
          v_pattern_2, nicolae_vaults_windows_and_doors_thing, v_alt_pattern_2,
          vaults_dpeg_cross, nicolae_vaults_mini_display_case,
          layout_vaults_chaotic_city, uniq_mennas, uniq_xtahua
Vaults:3: v_rooms_5, minmay_crypt_entry_simple_corners, vaults_standard_mumra_x,
          nicolae_vaults_border_crossing, v_misc_30,
          nicolae_vaults_diagonal_hallway_6, vaults_room_door_hall,
          nicolae_vaults_circle_grid_b, hangedman_vaults_capsules,
          nicolae_vaults_diagonal_hallway_7, nicolae_vaults_little_squares_6,
          vaults_mumra_chevron, layout_vaults_maze, serial_shops, shop
Vaults:4: nicolae_vaults_big_angled_halls, v_misc_19, v_misc_27,
          vaults_door_vault, vaults_mumra_hex, vaults_room_fours, v_misc_5,
          serial_ice_h, nicolae_vaults_network_s, vaults_room_octagon,
          vaults_room_door_ring, nicolae_vaults_angled_halls,
          layout_vaults_omnigrid, serial_shops, shop
Vaults:5
Crypt:1:  layout_misc_corridors, ebering_dispersal_statue_hall,
          grunt_crypt_arrival_webbed, uniq_margery
Crypt:2:  layout_chaotic_city, gammafunk_ghost_fury_of_okawaru,
          palyth_stone_intersect
Crypt:3:  evilmike_haunted_forest
Depths:1: layout_gridville, grunt_mini_vestibule, hangedman_decor_peaks_small,
          serial_bayou_pond_c, st_stairs_6, nicolae_rare_books,
          roderic_serpentine_path, sword_in_stone
Depths:2: minmay_triangles_in_corner, layout_basic, serial_sigils,
          serial_sigils_hangedman_scratch, serial_sigils_hangedman_shear,
          serial_sigils_hangedman_quiver, serial_sigils_hangedman_shear,
          serial_sigils_hangedman_writhe, roderic_lattice_a,
          pf_hell_entry_tar_spiral, hex_medium
Depths:3: minmay_the_grid_four_pointed_star_mashed
          [minmay_the_grid_triangle_9x9_wacky_v,
          minmay_the_grid_triangle_9x9_longest,
          minmay_the_grid_triangle_9x9_skeleton,
          minmay_the_grid_triangle_9x9_sparse_checkered,
          minmay_the_grid_prize_four_corners_diamond_b], layout_gridlike,
          enter_ziggurat_d, special_room [special_room_jelly],
          rand_demon_pan_entry_3, serial_shops, shop, grunt_hell_entry_dis_old
Depths:4: minmay_tile_spiral, layout_twisted_cross, hangedman_coc_ice_floe,
          kennysheep_nondescript, abyss_entry, fountainhead
Depths:5: grunt_zot_entry_pinwheel, layout_basic, muffindrake_ghost_dual_entry,
          serial_bayou_shore_a, hell_entry, minivault_1, uniq_enchantress,
          uniq_saint_roka
Hell
Abyss:1:  base: D:6, base: Depths:5, base:
Spider:1

Skill      XL: |  1  2  3  4  5  6  7  8  9 10 11 12 13 14 15 16 17 18 19 20 21 22 23 24 25 26 27 |
---------------+----------------------------------------------------------------------------------+-----
Spellcasting   | 5 6 7 8 9 10 11 12 13 14 15 16 17 19 | 19.3
Invocations    | 1 2 3 4 5 6 7 8 9 10 11 12 13 14 15 16 17 20 | 20.3
Fighting       | 1 2 3 4 5 6 7 8 9 10 11 12 13 14 15 16 18 | 18.9
Short Blades   | 1 2 3 4 5 6 7 8 9 10 11 12 13 14 15 16 18 | 18.9
Long Blades    | 1 2 3 4 5 6 7 8 9 10 11 12 13 14 15 16 18 | 18.9
Axes           | 1 2 3 4 5 6 7 8 9 10 11 12 13 14 15 16 18 | 18.9
Maces & Flails | 1 2 3 4 5 6 7 8 9 10 11 12 13 14 15 16 18 | 18.9
Polearms       | 1 2 3 4 5 6 7 8 9 10 11 12 13 14 15 16 18 | 18.9
Staves         | 1 2 3 4 5 6 7 8 9 10 11 12 13 14 15 16 18 | 18.9
Slings         | 1 2 3 4 5 6 7 8 9 10 11 12 13 14 15 16 18 | 18.9
Bows           | 1 2 3 4 5 6 7 8 9 10 11 12 13 14 15 16 18 | 18.9
Crossbows      | 1 2 3 4 5 6 7 8 9 10 11 12 13 14 15 16 18 | 18.9
Throwing       | 1 2 3 4 5 6 7 8 9 10 11 12 13 14 15 16 18 | 18.9
Armour         | 1 2 3 4 5 6 7 8 9 10 11 12 13 14 15 16 18 | 18.9
Shields        | 1 2 3 4 5 6 7 8 9 10 11 12 13 14 15 16 18 | 18.9
Unarmed Combat | 1 2 3 4 5 6 7 8 9 10 11 12 13 14 15 16 18 | 18.9
Evocations     | 1 2 3 4 5 6 7 8 9 10 11 12 13 14 15 16 18 | 18.9
Conjurations   | 1 2 3 4 5 6 7 8 9 10 11 12 13 14 16 | 16.3
Hexes          | 1 2 3 4 5 6 7 8 9 10 11 12 13 14 16 | 16.3
Charms         | 1 2 3 4 5 6 7 8 9 10 11 12 13 14 16 | 16.3
Summonings     | 1 2 3 4 5 6 7 8 9 10 11 12 13 14 16 | 16.3
Necromancy     | 1 2 3 4 5 6 7 8 9 10 11 12 13 14 16 | 16.3
Translocations | 1 2 3 4 5 6 7 8 9 10 11 12 13 14 16 | 16.3
Transmutations | 1 2 3 4 5 6 7 8 9 10 11 12 13 14 16 | 16.3
Fire Magic     | 1 2 3 4 5 6 7 8 9 10 11 12 13 14 16 | 16.3
Air Magic      | 1 2 3 4 5 6 7 8 9 10 11 12 13 14 18 | 18.3
Earth Magic    | 1 2 3 4 5 6 7 8 9 10 11 12 13 14 16 | 16.3
Poison Magic   | 1 2 3 4 5 6 7 8 9 10 11 12 13 14 16 | 16.3
Dodging        | 5 6 7 8 9 10 11 12 13 14 15 16 17 19 | 19.3
Stealth        | 5 6 7 8 9 10 11 12 13 14 15 16 19 | 19.2
Ice Magic      | 8 9 10 11 12 13 14 15 17 | 17.4

Action                   |  1- 3 |  4- 6 |  7- 9 | 10-12 | 13-15 | 16-18 | 19-21 | 22-24 | 25-27 || total
-------------------------+-------+-------+-------+-------+-------+-------+-------+-------+-------++-------
Melee: Unarmed           |     5 |       |       |       |       |       |       |       |       ||     5
       Dagger            |    26 |    19 |   130 |       |       |       |       |       |       ||   175
       Bite              |     1 |     9 |    36 |    44 |    16 |    70 |    41 |    64 |   333 ||   614
       Rapier            |       |    18 |       |   124 |    48 |       |       |       |       ||   190
       Short sword       |       |    42 |       |       |       |       |       |       |       ||    42
       Flail             |       |       |   145 |   295 |   113 |   484 |       |       |       ||  1037
       Punch             |       |       |     4 |    10 |     5 |     3 |       |       |       ||    22
       Staff             |       |       |       |       |       |    40 |   324 |   487 |  2122 ||  2973
       War axe           |       |       |       |       |       |       |       |       |   118 ||   118
 Fire: Hunting sling     |       |       |       |       |       |       |       |       |   226 ||   226
 Cast: Freeze            |    35 |     3 |    13 |    15 |    25 |    22 |     2 |       |     2 ||   117
       Frozen Ramparts   |     1 |     8 |    30 |    60 |    20 |    34 |    11 |     9 |    11 ||   184
       Ozocubu's Armour  |       |       |    11 |    25 |    11 |    13 |     3 |       |       ||    63
       Summon Ice Beast  |       |       |    13 |    80 |    44 |   112 |    19 |    17 |    47 ||   332
       Hailstorm         |       |       |     1 |    29 |    58 |    53 |     2 |       |     5 ||   148
       Bolt of Magma     |       |       |       |    11 |    38 |     5 |    22 |    59 |   230 ||   365
       Airstrike         |       |       |       |    11 |    28 |   246 |    57 |     5 |    16 ||   363
       Freezing Cloud    |       |       |       |       |       |    20 |     6 |     4 |    18 ||    48
       Ozocubu's Refrige |       |       |       |       |       |   197 |   171 |   303 |   574 ||  1245
       Iron Shot         |       |       |       |       |       |       |       |       |   177 ||   177
       Blink             |       |       |       |       |       |       |       |       |     3 ||     3
Evoke: Wand              |       |       |       |       |     1 |       |       |     2 |    10 ||    13
       Staff of Olgreb   |       |       |       |       |       |     5 |    25 |    34 |    43 ||   107
  Use: Scroll            |       |       |       |    14 |    10 |    12 |    10 |     3 |    25 ||    74
       Potion            |       |       |       |       |     2 |       |     2 |       |     5 ||     9
 Stab: Sleeping          |     3 |    13 |    17 |    10 |     6 |    10 |     6 |     7 |    33 ||   105
       Distracted        |       |       |     1 |     5 |     1 |    12 |     2 |     4 |    38 ||    63
  Eat: Chunk             |     2 |     5 |    12 |    25 |    22 |    78 |    27 |    37 |    36 ||   244
       Ration            |       |       |     1 |     2 |     3 |     1 |     2 |     1 |    25 ||    35
Armor: Robe              |    10 |     2 |    48 |    23 |    51 |   108 |    48 |       |       ||   290
       Steam dragon scal |       |       |     9 |   139 |       |       |       |       |       ||   148
       Ring mail         |       |       |       |       |       |       |    16 |    80 |   462 ||   558
Dodge: Dodged            |    40 |    40 |   181 |   447 |   196 |   505 |   152 |   212 |  1065 ||  2838
Block: Buckler           |       |       |       |       |       |   209 |       |       |       ||   209
       Kite shield       |       |       |       |       |       |    20 |   147 |       |       ||   167
       Tower shield      |       |       |       |       |       |       |     5 |   410 |  2104 ||  2519

Table legend:
 A = Non-vault XP
 B = Vault XP
 C = Vault XP percentage of total XP
 D = Non-vault monster count
 E = Vault monster count
 F = Vault count percentage of total count
                 A         B        C        D         E       F
            +---------+---------+-------+---------+---------+-------
      Total |  927930 |  863491 |  48.2 |    1978 |    1190 |  37.6
            +---------+---------+-------+---------+---------+-------
        D:1 |      38 |       0 |   0.0 |      22 |       0 |   0.0
        D:2 |     120 |      40 |  25.0 |      24 |       1 |   4.0
        D:3 |     238 |      37 |  13.5 |      30 |       1 |   3.2
        D:4 |     853 |     115 |  11.9 |      19 |      10 |  34.5
        D:5 |     634 |     323 |  33.8 |      24 |       4 |  14.3
        D:6 |     235 |       0 |   0.0 |       7 |       0 |   0.0
        D:7 |     936 |    1575 |  62.7 |      23 |       5 |  17.9
        D:8 |    2274 |     430 |  15.9 |      28 |       3 |   9.7
        D:9 |    1317 |    1174 |  47.1 |      31 |      23 |  42.6
       D:10 |     306 |       0 |   0.0 |       8 |       0 |   0.0
       D:11 |    4882 |    4730 |  49.2 |      44 |      33 |  42.9
       D:12 |    3598 |     404 |  10.1 |      20 |       1 |   4.8
       D:13 |    2788 |    9955 |  78.1 |       9 |      30 |  76.9
       D:14 |    5643 |       0 |   0.0 |      35 |       0 |   0.0
       D:15 |    9125 |   17230 |  65.4 |      26 |      20 |  43.5
     Lair:1 |    4552 |     406 |   8.2 |      19 |      14 |  42.4
     Lair:2 |    2865 |     654 |  18.6 |      16 |       1 |   5.9
     Lair:3 |    2390 |     475 |  16.6 |      10 |       1 |   9.1
     Lair:4 |    1667 |    2507 |  60.1 |       8 |       6 |  42.9
     Lair:5 |    4511 |     975 |  17.8 |      13 |       8 |  38.1
     Lair:6 |    7090 |   10961 |  60.7 |      34 |      55 |  61.8
   Shoals:1 |   13588 |    1561 |  10.3 |      30 |       1 |   3.2
   Shoals:2 |   15878 |   11006 |  40.9 |      30 |      20 |  40.0
   Shoals:3 |   17218 |    1714 |   9.1 |      28 |       6 |  17.6
   Shoals:4 |   16788 |   23549 |  58.4 |      36 |      37 |  50.7
   Spider:1 |    7997 |    2021 |  20.2 |      24 |       1 |   4.0
   Spider:2 |   18552 |    3920 |  17.4 |      54 |       2 |   3.6
   Spider:3 |   11615 |    5343 |  31.5 |      37 |       7 |  15.9
   Spider:4 |   14730 |   22360 |  60.3 |      41 |      46 |  52.9
      Orc:1 |    6479 |    4880 |  43.0 |      59 |      17 |  22.4
      Orc:2 |    2003 |   10588 |  84.1 |      30 |      59 |  66.3
      Elf:1 |    7883 |    7651 |  49.3 |      13 |      14 |  51.9
      Elf:2 |   17807 |   23958 |  57.4 |      28 |      29 |  50.9
      Elf:3 |   17632 |   53604 |  75.2 |      30 |      37 |  55.2
   Vaults:1 |   35619 |   33267 |  48.3 |      49 |      40 |  44.9
   Vaults:2 |   25349 |   43377 |  63.1 |      43 |      43 |  50.0
   Vaults:3 |   38225 |   32874 |  46.2 |      52 |      43 |  45.3
   Vaults:4 |   28745 |   24748 |  46.3 |      37 |      44 |  54.3
   Vaults:5 |   38543 |  137103 |  78.1 |      51 |      84 |  62.2
    Crypt:1 |   14856 |       0 |   0.0 |      37 |       0 |   0.0
    Crypt:2 |   30721 |   20187 |  39.7 |      39 |      12 |  23.5
    Crypt:3 |       0 |   62872 | 100.0 |       0 |      94 | 100.0
   Depths:1 |   28761 |   24159 |  45.7 |      50 |      16 |  24.2
   Depths:2 |   47989 |   22349 |  31.8 |      56 |      16 |  22.2
   Depths:3 |   57507 |   57867 |  50.2 |      74 |      48 |  39.3
   Depths:4 |   30806 |   43054 |  58.3 |      31 |      24 |  43.6
   Depths:5 |   40261 |   64606 |  61.6 |      43 |      42 |  49.4
       Hell |   20679 |   42597 |  67.3 |      29 |      60 |  67.4
    Abyss:1 |  103259 |    3000 |   2.8 |     163 |       3 |   1.8
    Abyss:2 |   28743 |       0 |   0.0 |      71 |       0 |   0.0
    Abyss:3 |  123469 |   12233 |   9.0 |     250 |      24 |   8.8
    Abyss:4 |   10166 |       0 |   0.0 |      13 |       0 |   0.0
    Ossuary |       0 |     940 | 100.0 |       0 |      30 | 100.0
     Bailey |       0 |    1954 | 100.0 |       0 |      27 | 100.0
      IceCv |       0 |    4936 | 100.0 |       0 |      22 | 100.0
    Volcano |       0 |    7222 | 100.0 |       0 |      26 | 100.0
            +---------+---------+-------+---------+---------+-------
